← All builds
Suicide front / Legion / Quick factory / OBSERVED BUILD

Standard suicide front

Legion Suicide front build order · Supreme Isthmus

Quick Bot Lab into Vehicle Plant to project force at middle early with Ballista, Satyr, Decurion and Lance, transitioning into Barrage artillery and an Advanced Metal Extractor as the game develops.

#rush #raid · 55 distinct matches · 26 players · 78% of Legion Suicide front games · team won 59% of 58 · Recently observed

HOW TO PLAY IT

Key timing: Legion Vehicle Plant by 1:01

  1. Take first mex while the bot lab goes down immediately.
  2. Finish the bot lab fast to start producing early bots.
  3. Queue the vehicle plant right after for Ballista and Satyr.
  4. Push Ballista and Barrage to contest middle early.
  5. Transition into an advanced mex once T2 constructor is up.

Phase by phase

TYPICAL OF ITS 55 GAMES
  1. 1
  2. 2
  3. 3
PLAY THE OPENING

Follow the example game's first 6:00 step by step: what to build now, what comes next, and where it goes. At 1× it keeps pace with your own game.

  1. 1

    Up to the Legion Bot Lab

    Economy
    • Metal Extractor2Mex
    Order
    1. Legion Bot LabLegion Bot Lab after 2 mexdone ~0:34, middle half 0:27–0:44

    By 0:18 in all: 2 mex

    The example game in this phase · 1 step
    1. Mex ×2
  2. 2

    Legion Bot Lab to 5:00

    Economy
    • Metal Extractor4Mex
    • Wind Turbine6Wind
    Army
    • Pharos4 Pharos
    Other
    • Radar Tower1 Radar Tower

    Some games also: Legion Construction Bot (47%) · Zagreus (47%) · con turret (43%) · Legion Construction Vehicle (40%) · Barrage (40%)

    By 5:00 in all: 5 mex · 7 wind · 1 con turret

    The example game in this phase · 26 steps
    1. Mex
    2. Legion Vehicle PlantLegion Vehicle Plantdone 0:47 · typical 0:40
    3. AlarisAlaris ×2
    4. Legion Construction VehicleLegion Construction Vehicle
    5. BarrageBarrage
    6. Wind
    7. Mex
    8. BarrageBarrage
    9. Wind
    10. BarrageBarrage
    11. Wind
    12. Mex
    13. Legion Construction VehicleLegion Construction Vehicle
    14. Wind
    15. Radar TowerRadar Tower
    16. Legion Construction VehicleLegion Construction Vehicle
    17. PharosPharos
    18. BarrageBarrage
    19. PharosPharos
    20. BarrageBarrage
    21. Wind
    22. LanceLance
    23. Wind
    24. PharosPharos
    25. LanceLance ×4
    26. PharosPharos
  3. 3

    5:00 to 10:00

    Economy
    • Metal Extractor1Mex
    • Wind Turbine11Wind
    Builders
    • Construction Turret1 Con turret

    Some games also: Radar Tower (48%) · Pharos (43%) · energy storage (41%) · Lance (34%) · Zagreus (34%)

    By 10:00 in all: 6 mex · 19 wind · 1 energy storage · 3 con turret

    The example game in this phase · 47 steps
    1. LanceLance
    2. Radar TowerRadar Tower
    3. LanceLance
    4. Dragon's TeethDragon's Teeth ×5
    5. LanceLance
    6. Mex
    7. LanceLance
    8. PharosPharos
    9. LanceLance
    10. Radar TowerRadar Tower
    11. LanceLance ×4
    12. Advanced Metal ExtractorT2 mexdone 8:41
    13. LanceLance ×2
    14. Wind
    15. LanceLance
    16. Wind ×2
    17. LanceLance
    18. Wind ×2
    19. Advanced Metal ExtractorT2 mex
    20. LanceLance
    21. Radar TowerRadar Tower
    22. ArgusArgus ×2
    23. Wind ×4
    24. Advanced Metal ExtractorT2 mex
    25. Legion Construction VehicleLegion Construction Vehicle
    26. Wind ×3
    27. Legion Construction VehicleLegion Construction Vehicle
    28. Wind
    29. LanceLance
    30. Wind
    31. LanceLance
    32. Advanced Metal ExtractorT2 mex
    33. Wind
    34. Con turret
    35. Wind
    36. LanceLance
    37. Wind ×4
    38. Advanced Metal ExtractorT2 mex
    39. Wind ×13
    40. Legion Construction VehicleLegion Construction Vehicle
    41. Wind ×3
    42. Legion Construction VehicleLegion Construction Vehicle
    43. Wind
    44. Energy storage
    45. Wind ×4
    46. Legion Construction VehicleLegion Construction Vehicle
    47. Wind ×7

Counts are medians over the build's games: half of them build more, half fewer. The example game is XXMACGAMERXX's (36 OS, 03/10/2026); pick another.

Team trades

IN AT LEAST 30% OF ITS GAMES

You hand over

Nothing regular.

You get

  • Tidal Generator4 Tidal from Pondfirst at 0:11 · in 52% of games
  • Advanced Construction Bot1 T2 con bot from Geo or Techfirst at 7:31 · in 48% of games

How it plays out

Typical game of this build, running totals by minute

Metal produced

010k20k
0:005:0010:0015:00

metal

Enemy metal destroyed

05k10k
0:005:0010:0015:00

metal

Own metal lost

05k10k
0:005:0010:0015:00

metal

58 games.

Show as table
ByMetal produced: This buildEnemy metal destroyed: This buildOwn metal lost: This build
1:0029100
2:0087900
3:00181617250
4:002790448305
5:0038781092670
6:00489218251130
7:00589328741953
8:00727243202701
9:00847447363265
10:00972553614448
11:001112356284806
12:001315858645595
13:001386663557159
14:001569070087595
15:001756675898181
WHAT THE NUMBERS SAY

This aggressive opening wins more often than the role's other lines, with enemy metal destroyed well above own losses by 15:00.

  • + Enemy metal destroyed (9422) nearly doubles own metal lost (8541) by 15:00.
  • + Team wins 58% of games, strongest result among these roles.
  • − Own metal lost climbs fast early, 770 by 5:00 from committing hard.
THE EXAMPLE YOU ARE READING

XXMACGAMERXX

35.9 OS · 03/10/2026

Open source match ↗

5 received units · includes a constructor
879 metal received · 16887 energy received

Allied construction assistance is unknown. Timings are observations, not a promise of solo reproducibility.

Typical milestones

Legion Bot Lab0:34Middle 50%: 0:27–0:44 · n=34
Legion Vehicle Plant0:40Middle 50%: 0:30–1:01 · n=36

Played most by

XuunnY11games of this build_X_6games of this build[crd]sisa4games of this buildChancho4games of this buildxabre3games of this build